 Dungeon Crawl Stone Soup version 0.17-a0-82-g3e33fa6 (webtiles) character file.

282 Rotinaj the Slinger (level 6, 0/39 HPs)
             Began as a Halfling Hunter on Mar 16, 2015.
             Was an Initiate of Okawaru.
             Slain by an orc wizard
             ... wielding a +0 dagger
              (3 damage)
             ... on level 5 of the Dungeon.
             The game lasted 00:34:14 (3700 turns).

Rotinaj the Slinger (Halfling Hunter)               Turns: 3700, Time: 00:34:15

Health: 0/39       AC:  9    Str: 12    XL:     6   Next: 54%
Magic:  6/6        EV:  8    Int: 10    God:    Okawaru [......]
Gold:   168        SH:  0    Dex: 17    Spells: 0 memorised, 5 levels left

rFire  . . .     SeeInvis .     p - +0 long sword
rCold  . . .     Clarity  .     s - +0 chain mail
rNeg   . . .     SustAb   .     (no shield)
rPois  .         Gourm    .     (no helmet)
rElec  .         Spirit   .     (no cloak)
rCorr  .         Warding  .     (no gloves)
rMut   .         Stasis   .     i - +0 pair of boots
MR     .....                    (no amulet)
Stlth  ..........               (no ring)
                                (no ring)

@: confused, not resistant to hostile enchantments, extremely unstealthy
A: mutation resistance 1
a: Renounce Religion


You were on level 5 of the Dungeon.
You worshipped Okawaru.
Okawaru was noncommittal.
You were not hungry.

You visited 2 branches of the dungeon, and saw 6 of its levels.

You collected 168 gold pieces.

Inventory:

Hand weapons
 b - a +1 hunting sling
 p - a +0 long sword (weapon)
 v - a +0 hand crossbow
Missiles
 c - 18 sling bullets
 e - 88 stones (quivered)
Armour
 d - a +1 leather armour
 h - a +0 leather armour
 i - a +0 pair of boots (worn)
 k - a +0 ring mail
 s - a +0 chain mail (worn)
Jewellery
 g - an uncursed ring of fire
 n - a cursed ring of teleportation {unknown}
 q - an uncursed ring of protection from magic {unknown}
Scrolls
 l - 2 scrolls of magic mapping
 r - a scroll of remove curse
 t - a scroll of identify
Potions
 a - a potion of cure mutation
 j - 2 potions of magic {unknown}
 u - 2 potions of mutation {unknown}
Comestibles
 f - 3 bread rations
 m - a beef jerky
 o - a royal jelly


   Skills:
 + Level 1.8 Fighting
 + Level 9.9 Slings
 + Level 0.1 Crossbows
 + Level 1.5 Armour
 + Level 2.5 Dodging
 + Level 1.5 Stealth


You had 5 spell levels left.
You didn't know any spells.

Dungeon Overview and Level Annotations

Branches:
Dungeon (5/15)             Temple (1/1) D:4

Altars:
Ashenzari
Elyvilon
Fedhas
Gozag
Kikubaaqudgha
Makhleb
Okawaru
Qazlal
Ru
Sif Muna
Trog
Vehumet
Xom
Yredelemnul
Zin
The Shining One


Innate Abilities, Weirdness & Mutations

You are small and have problems with some larger weapons.
You are somewhat resistant to further mutation.


Message History

You see here 2 stones.
You feel sick.
You are no longer poisoned.
An orc wizard appears from thin air!
Reactivating autopickup.
The orc wizard gestures at you while chanting.
You resist with some effort.
The orc wizard mumbles some strange words.
The orc wizard flickers and vanishes!
Deactivating autopickup; reactivate with Ctrl-A.
You hit something!
You hear some strange, mumbled words.
The puff of flame hits you!
* * * LOW HITPOINT WARNING * * *
You closely miss something. Something hits you but does no damage.
Your chain mail prevents you from hitting something.
You hear some strange, mumbled words.
You are confused.
Something hits you.
You die...

############# ######
#...........# #....######
#.#########.########....#.....
#..............@{(...'..).......
#.#.#.#####.#.########....#.....
#.#.# #.....#.# #....#..... #.#.#
#.###.#.### #....#..... #.#.#
#.....#...# #....#.....
#.#.#.#####.#...# #....#.....
#.#.#...........# #....#.....
##.#.#######.#...###########...).
..>........................'.....


There were no monsters in sight!

Vanquished Creatures
  A hound (D:5)
  A giant frog zombie (D:5)
  An orc wizard (D:4)
  3 worker ants
  3 adders
  A gnoll (D:1)
  3 worms
  3 giant geckos
  9 orcs
  3 giant cockroaches
  6 goblins
  7 hobgoblins
  5 kobolds
  2 quokkas
  3 ball pythons
  4 bats
  A giant gecko skeleton (D:4)
  2 giant newts (D:1)
  5 rats
63 creatures vanquished.

Notes
Turn   | Place    | Note
--------------------------------------------------------------
     0 | D:1      | Rotinaj, the Halfling Hunter, began the quest for the Orb.
     0 | D:1      | Reached XP level 1. HP: 14/14 MP: 1/1
   127 | D:1      | Reached skill level 6 in Slings
   419 | D:1      | Reached XP level 2. HP: 19/19 MP: 2/2
   653 | D:1      | Reached XP level 3. HP: 24/24 MP: 3/3
   669 | D:1      | Reached skill level 7 in Slings
  1701 | D:3      | Reached XP level 4. HP: 29/29 MP: 4/4
  1911 | D:3      | Reached skill level 8 in Slings
  2280 | D:4      | Reached XP level 5. HP: 23/34 MP: 5/5
  2655 | D:4      | Reached skill level 9 in Slings
  3023 | D:4      | Found a staircase to the Ecumenical Temple.
  3049 | Temple   | Entered the Ecumenical Temple
  3145 | Temple   | Became a worshipper of Warmaster Okawaru
  3279 | D:4      | Reached skill level 1 in Armour
  3279 | D:4      | Reached XP level 6. HP: 37/39 MP: 6/6
  3298 | D:5      | Entered Level 5 of the Dungeon
  3700 | D:5      | Slain by an orc wizard

Action                   |  1- 3 |  4- 6 || total
-------------------------+-------+-------++-------
Melee: Long sword        |       |     5 ||     5
 Fire: Hunting sling     |    82 |   122 ||   204
       Hand crossbow     |       |    13 ||    13
  Use: Scroll            |     3 |     6 ||     9
       Potion            |     3 |     3 ||     6
  Eat: Pizza             |     1 |       ||     1
       Chunk             |       |     2 ||     2
       Bread ration      |       |     1 ||     1
